 Dungeon Crawl Stone Soup version 0.30-a0-385-gfebfb9b408 (webtiles) character file.

Game seed: 10746847930496024158

451 MTVSty1e the Chopper (level 6, 0/57 HPs)
             Began as a Minotaur Fighter on Dec 2, 2022.
             Killed by nerve-wracking pain
             ... invoked by an orc priest
              (12 damage)
             ... on level 7 of the Dungeon.
             The game lasted 00:03:40 (2822 turns).

MTVSty1e the Chopper (Minotaur Fighter)             Turns: 2822, Time: 00:03:41

Health: 0/57       AC:  9    Str: 22    XL:     6   Next: 75%
Magic:  5/5        EV:  9    Int:  5    God:
Gold:   128        SH:  4    Dex: 10    Spells: 5/5 levels left

rFire   . . .      SeeInvis .    a - +0 war axe
rCold   . . .      Faith    .    c - +0 buckler
rNeg    . . .      Spirit   .    b - +0 scale mail
rPois   .          Reflect  .    (helmet restricted)
rElec   .          Harm     .    n - +0 cloak
rCorr   .          Rampage  .    d - +0 pair of gloves
Will    .....                    (no boots)
Stlth   ..........               (no amulet)
HPRegen 0.29/turn                (no ring)
MPRegen 0.09/turn                (no ring)

@: mighty
A: horns 2, retaliatory headbutt
a: no special abilities


You were on level 7 of the Dungeon.
You visited 1 branch of the dungeon, and saw 5 of its levels.

You collected 128 gold pieces.

Inventory:

Hand Weapons
 a - a +0 war axe (weapon)
Armour
 b - a +0 scale mail (worn)
 c - a +0 buckler (worn)
 d - a +0 pair of gloves (worn)
 n - a +0 cloak (worn)
Jewellery
 r - a ring of wizardry
Scrolls
 e - 3 scrolls of identify {unknown}
 f - 2 scrolls of blinking {unknown}
 g - 2 scrolls of teleportation {unknown}
 k - 2 scrolls of vulnerability {unknown}
 o - a scroll of enchant weapon {unknown}
 p - a scroll of magic mapping {unknown}
 u - a scroll of fear {unknown}
 v - a scroll of immolation {unknown}
 w - a scroll of torment {unknown}
 x - a scroll of silence {unknown}
Potions
 h - 3 potions of mutation {unknown}
 i - 2 potions of curing {unknown}
 j - a potion of lignification {unknown}
 l - 2 potions of heal wounds {unknown}
 m - a potion of ambrosia {unknown}
 q - a potion of degeneration {unknown}
 s - a potion of flight {unknown}
 t - a potion of cancellation {unknown}


   Skills:
 + Level 6.0 Fighting
 * Level 7.3 Axes
 - Level 3.6 Armour
 - Level 3.6 Shields


You had 5 spell levels left.
You didn't know any spells.
Your spell library contained the following spells:

 Spells                   Type           Power      Damage    Failure   Level
 Slow                     Hex            0%         N/A       88%         1
 Confusing Touch          Hex            0%         N/A       99%         3
 Inner Flame              Hex/Fire       0%         N/A       99%         3
 Vampiric Draining        Necr           0%         2d6       99%         3
 Cause Fear               Hex            0%         N/A       100%        4
 Discord                  Hex            0%         N/A       100%        8


Dungeon Overview and Level Annotations

Branches:
Dungeon (4/15)
 Temple: D:4-7

Altars:
Fedhas
The Shining One


Innate Abilities, Weirdness & Mutations

You have a pair of horns on your head.
You reflexively headbutt those who attack you in melee.


Message History

You kill the bullfrog!
You slash something! Something hits you but does no damage.
You block the water moccasin's attack.
You miss the water moccasin. You hit something but do no damage.
The water moccasin barely misses you. Something hits you.
The water moccasin bites you. Something hits you but does no damage.
You closely miss the water moccasin.
Your headbutt misses the water moccasin.
You miss something. The water moccasin bites you.
Something hits you but does no damage.
You slash the water moccasin!
Your headbutt misses the water moccasin.
The water moccasin is moderately wounded.
You barely miss something.
The water moccasin bites you but does no damage.
You hear some strange, mumbled words.
A puff of flame appears from out of thin air!
The puff of flame hits you.
The water moccasin bites you but does no damage.
You slice the water moccasin!!
You kill the water moccasin!
You barely miss something.
You hear some strange, mumbled words.
A puff of flame appears from out of thin air!
The puff of flame hits you!
* * * LOW HITPOINT WARNING * * *
Your Fighting skill increases to level 6!
Your Axes skill increases to level 7!
You closely miss the orc. You miss something.
Something hits you but does no damage. You block the orc's attack.
You slash the orc!
You kill the orc!
You closely miss something. Something hits you but does no damage.
You closely miss the orc priest. Your headbutt misses the orc priest.
You closely miss something. Something hits you but does no damage.
You block the orc priest's attack. Something hits you.
* * * LOW HITPOINT WARNING * * *
The orc priest calls down the wrath of Beogh upon you.
Pain shoots through your body!
You die...

.. .$.# #.##.# #
.#.###..#
#.##.###### #
........#
#.##.##...####
....o...#
#.##.##.#.....
#......)#
#.#.#.#.#.#### #.#
#..#....#.....
#o######..#######.#
#o{........>.#.....
#.#@#####...#.#.#.##
#.###.# #.....#...#
## ## #...#...###
#####.### #.# #.#
#.# #.# #.#


You could see an orc priest and an orc.

Vanquished Creatures
  A water moccasin (D:7)
  A bullfrog (D:7)
  A scorpion (D:4)
  The ghost of Raultor the Insei, a weakling OpTm (D:3)
  Crazy Yiuf (D:2)
  3 adders (D:3)
  3 worms
  A dart slug (D:1)
  17 orcs
  13 endoplasms
  2 giant cockroaches (D:2)
  15 goblins
  5 hobgoblins
  9 kobolds
  3 quokkas
  4 ball pythons
  5 bats
  2 frilled lizards
  6 rats
93 creatures vanquished.

Notes
Turn   | Place    | Note
-------+----------+-------------------------------------------
     0 | D:1      | MTVSty1e the Minotaur Fighter began the quest for the Orb.
     0 | D:1      | Reached XP level 1. HP: 19/19 MP: 0/0
   119 | D:1      | Reached skill level 3 in Axes
   121 | D:1      | Reached XP level 2. HP: 25/27 MP: 1/1
   383 | D:1      | Reached XP level 3. HP: 33/33 MP: 2/2
  1036 | D:1      | Found a blossoming altar of Fedhas.
  1213 | D:2      | Reached skill level 4 in Axes
  1722 | D:2      | Found a runed translucent door.
  1723 | D:2      | Noticed Crazy Yiuf
  1727 | D:2      | Killed Crazy Yiuf
  1728 | D:2      | Reached XP level 4. HP: 41/41 MP: 3/3
  1871 | D:3      | Reached skill level 5 in Axes
  1893 | D:3      | Found a runed translucent gate.
  2029 | D:3      | Found a glowing golden altar of the Shining One.
  2111 | D:3      | Identified the +1 leather armour "Uqiowk" {Rampage rF-
                  | Regen+ SInv}
  2177 | D:3      | Found a runed translucent gate.
  2177 | D:3      | Found a runed translucent gate.
  2181 | D:3      | Noticed Raultor's ghost (weakling OpTm)
  2181 | D:3      | Identified the +11 sling of Eternal Vigilance {vorpal,
                  | +Blink Fly}
  2181 | D:3      | Identified the +1 leather armour of Depression {rElec
                  | Dex+3}
  2228 | D:3      | Reached XP level 5. HP: 41/47 MP: 4/4
  2412 | D:3      | Killed Raultor's ghost
  2413 | D:3      | Reached skill level 5 in Fighting
  2568 | D:4      | Reached skill level 6 in Axes
  2599 | D:4      | Reached XP level 6. HP: 55/56 MP: 5/5
  2638 | D:4      | Identified the +7 great mace of the Vaults {vorpal, MP+9
                  | Int+4}
  2720 | D:4      | You fall into a shaft and drop 3 floors!
  2795 | D:7      | Noticed a water moccasin
  2819 | D:7      | Killed a water moccasin
  2820 | D:7      | Reached skill level 7 in Axes
  2822 | D:7      | Killed from afar by an orc priest

Illustrated notes

Levels and vault maps discovered:
D:1:      dpeg_arrival_lava_altar, layout_basic
D:2:      layout_loops_ring, uniq_crazy_yiuf_cottage
D:3:      layout_rooms, nicolae_tso_swordbearing_angel,
          biasface_ghost_orc_armoury
D:4:      layout_basic, lemuel_zombie_altar_kikubaaqudgha, serial_shops,
          nicolae_shop_bloodbath_and_beyond
D:7:      layout_loops_ring, minmay_temple_entry_gardened_gates,
          chequers_serial_rivers_marsh

Skill      XL: |  1  2  3  4  5  6 |
---------------+-------------------+-----
Axes           | 3 4 5 6 7 |  7.3
Fighting       | 4 5 6 |  6.0
Armour         | |  3.6
Shields        | |  3.6

Action                   |  1- 3 |  4- 6 || total
-------------------------+-------+-------++-------
Melee: War axe           |    62 |    96 ||   158
       Headbutt          |    10 |     9 ||    19
  Use: Potion            |       |     2 ||     2
Armor: Scale mail        |    19 |    68 ||    87
Dodge: Dodged            |    38 |    49 ||    87
Block: Buckler           |     9 |    29 ||    38

Table legend: (Time is in decaauts)
 A = Elapsed time spent in this place.
 B = Non-inter-level travel time spent in this place.
 C = Inter-level travel time spent in this place.
 D = Time resting spent in this place.
 E = Time spent auto-exploring this place.
 F = Levels seen in this place.
 G = Mean time per level.
                   A        B        C        D        E       F      G
               +--------+--------+--------+--------+--------+-----+--------+
         Total |   2869 |   2780 |     89 |      0 |   2286 |   5 |  573.8 |
       Dungeon |   2869 |   2780 |     89 |      0 |   2286 |   5 |  573.8 |
               +--------+--------+--------+--------+--------+-----+--------+

Top non-repeatable levels by time:
     D:1: 1076 daAuts
     D:2: 777 daAuts
     D:3: 721 daAuts
     D:4: 188 daAuts
     D:7: 105 daAuts
